[ AOE2 MATCH · #463494070 ]
1v1 RMMalians vs Ethiopians
Player's team · WIN
Rival team · LOSS
[ REPLAY ANALYSIS · EXTRACTED FROM THE RECORDED GAME ]
Feudal
11:08
Castle
15:17
Imperial
27:38
| APM avg | 23.9 |
| APM peak | 75 |
| eAPM avg | 17.9 |
| Villagers / military | 118 / 191 |
Focus
⚔️ 37.0% · 🌾 63.0%
Militia ×164 · Trebuchet (Packed) ×14 · Gbeto ×12 · Monk ×1
Feudal
11:26
Castle
15:33
Imperial
32:59
| APM avg | 33.4 |
| APM peak | 76 |
| eAPM avg | 20.6 |
| Villagers / military | 141 / 120 |
Focus
⚔️ 25.9% · 🌾 74.1%
Archer ×111 · Bombard Cannon ×5 · Mangonel ×3 · Trebuchet (Packed) ×1
Match map
Initial resources + every placement click. Lines = walls · curves = elevation contours. ◆ gold · ⬟ stone · ● berries · ✦ relic · ◌ wall gap
Your base· ✓ Closed at 15:17 · 0t walls · 2 gate(s)
Atila5's base· ✓ Closed at 15:33 · 0t walls · 2 gate(s)
Smoothed initial terrain · ◌ = detected wall gap · hover for details
Inputs per minute
— BaustellenBizeps - - Atila5
Build order — BaustellenBizeps
First 150 of 476 actions detected
| 0:01 | Create | Villager (Male) |
| 0:01 | Create | Villager (Male) |
| 0:02 | Create | Villager (Male) |
| 0:02 | Build | House |
| 0:03 | Build | House |
| 0:14 | Create | Villager (Male) |
| 1:25 | Create | Villager (Male) |
| 1:25 | Create | Villager (Male) |
| 1:47 | Build | Lumber Camp |
| 2:01 | Create | Villager (Male) |
| 2:01 | Create | Villager (Male) |
| 2:24 | Create | Villager (Male) |
| 2:24 | Create | Villager (Male) |
| 2:50 | Create | Villager (Male) |
| 2:50 | Create | Villager (Male) |
| 3:06 | Build | Mill |
| 3:09 | Create | Villager (Male) |
| 3:09 | Create | Villager (Male) |
| 3:22 | Build | House |
| 3:42 | Create | Villager (Male) |
| 3:53 | Create | Villager (Male) |
| 4:31 | Create | Villager (Male) |
| 4:31 | Create | Villager (Male) |
| 4:57 | Create | Villager (Male) |
| 4:58 | Create | Villager (Male) |
| 5:12 | Build | House |
| 5:38 | Build | Mill |
| 5:38 | Create | Villager (Male) |
| 5:38 | Create | Villager (Male) |
| 6:07 | Build | Farm |
| 6:10 | Create | Villager (Male) |
| 6:46 | Create | Villager (Male) |
| 6:58 | Build | Farm |
| 7:05 | Create | Villager (Male) |
| 7:42 | Create | Villager (Male) |
| 8:05 | Create | Villager (Male) |
| 8:24 | Create | Villager (Male) |
| 8:36 | Build | Farm |
| 8:50 | Research | Feudal Age |
| 9:36 | Build | Mining Camp |
| 9:56 | Build | House |
| 9:57 | Build | House |
| 10:01 | Create | Villager (Male) |
| 10:01 | Create | Villager (Male) |
| 11:08 | Age | Feudal Age |
| 11:15 | Build | Market |
| 11:21 | Build | Blacksmith |
| 11:56 | Build | Mining Camp |
| 12:12 | Create | Villager (Male) |
| 12:30 | Research | Double-Bit Axe |
| 12:37 | Research | Castle Age |
| 12:38 | Research | Castle Age |
| 12:41 | Research | Horse Collar |
| 14:25 | Research | Loom |
| 14:59 | Research | Gold Mining |
| 15:02 | Research | Stone Mining |
| 15:17 | Age | Castle Age |
| 15:33 | Build | Castle |
| 15:37 | Create | Villager (Male) |
| 15:38 | Create | Villager (Male) |
| 15:59 | Build | Farm |
| 16:00 | Build | Farm |
| 16:12 | Build | Farm |
| 16:12 | Build | Farm |
| 16:18 | Create | Villager (Male) |
| 16:38 | Build | Farm |
| 16:54 | Create | Villager (Male) |
| 17:00 | Build | Farm |
| 17:17 | Create | Villager (Male) |
| 17:28 | Build | Town Center |
| 17:29 | Create | Gbeto |
| 17:29 | Create | Gbeto |
| 17:38 | Create | Villager (Male) |
| 17:40 | Build | Farm |
| 17:56 | Build | Farm |
| 17:59 | Create | Villager (Male) |
| 18:17 | Build | Monastery |
| 18:22 | Create | Villager (Male) |
| 18:22 | Create | Villager (Male) |
| 18:25 | Build | Farm |
| 18:42 | Create | Villager (Male) |
| 18:43 | Create | Villager (Male) |
| 18:53 | Build | Farm |
| 19:04 | Create | Villager (Male) |
| 19:13 | Build | Farm |
| 19:13 | Create | Villager (Male) |
| 19:15 | Create | Monk |
| 19:33 | Build | Farm |
| 19:38 | Create | Villager (Male) |
| 19:38 | Create | Villager (Male) |
| 19:39 | Create | Villager (Male) |
| 19:50 | Create | Villager (Male) |
| 19:57 | Build | Farm |
| 20:25 | Create | Villager (Male) |
| 20:27 | Create | Villager (Male) |
| 20:28 | Create | Villager (Male) |
| 20:31 | Build | Farm |
| 20:39 | Build | Farm |
| 20:44 | Build | Farm |
| 20:55 | Create | Villager (Male) |
| 20:55 | Create | Villager (Male) |
| 20:58 | Create | Villager (Male) |
| 21:02 | Build | Farm |
| 21:20 | Build | Farm |
| 21:35 | Create | Villager (Male) |
| 21:55 | Build | Farm |
| 21:59 | Create | Villager (Male) |
| 21:59 | Create | Villager (Male) |
| 22:02 | Create | Villager (Male) |
| 22:02 | Create | Villager (Male) |
| 22:13 | Build | Farm |
| 22:18 | Build | Farm |
| 22:19 | Build | Farm |
| 22:21 | Build | Farm |
| 22:31 | Build | House |
| 22:45 | Build | Castle |
| 22:50 | Build | Farm |
| 22:51 | Create | Villager (Male) |
| 22:59 | Create | Villager (Male) |
| 23:00 | Create | Villager (Male) |
| 23:03 | Build | Farm |
| 23:26 | Build | Mill |
| 23:30 | Build | Farm |
| 23:31 | Create | Villager (Male) |
| 23:32 | Create | Villager (Male) |
| 24:21 | Build | Farm |
| 24:24 | Build | Farm |
| 24:28 | Research | Imperial Age |
| 24:42 | Create | Villager (Male) |
| 24:42 | Create | Villager (Male) |
| 24:44 | Create | Villager (Male) |
| 24:44 | Create | Villager (Male) |
| 24:57 | Research | Bow Saw |
| 24:57 | Research | Bow Saw |
| 25:19 | Research | Fletching |
| 25:58 | Research | Bodkin Arrow |
| 26:03 | Create | Villager (Male) |
| 26:03 | Create | Villager (Male) |
| 26:09 | Build | Barracks |
| 26:16 | Research | Heavy Plow |
| 26:23 | Create | Villager (Male) |
| 26:24 | Create | Villager (Male) |
| 27:19 | Research | Wheelbarrow |
| 27:38 | Age | Imperial Age |
| 27:40 | Create | Trebuchet (Packed) |
| 27:40 | Create | Trebuchet (Packed) |
| 27:40 | Create | Trebuchet (Packed) |
| 27:43 | Create | Villager (Male) |
| 27:43 | Create | Villager (Male) |
| 27:55 | Create | Villager (Male) |
Build order — Atila5
First 150 of 386 actions detected
| 0:01 | Create | Villager (Male) |
| 0:01 | Create | Villager (Male) |
| 0:01 | Create | Villager (Male) |
| 0:01 | Create | Villager (Male) |
| 0:02 | Build | House |
| 0:03 | Build | House |
| 1:32 | Create | Villager (Male) |
| 1:33 | Create | Villager (Male) |
| 1:58 | Build | Mill |
| 2:03 | Create | Villager (Male) |
| 2:24 | Create | Villager (Male) |
| 2:47 | Create | Villager (Male) |
| 3:11 | Create | Villager (Male) |
| 3:12 | Create | Villager (Male) |
| 3:34 | Create | Villager (Male) |
| 3:36 | Create | Villager (Male) |
| 4:34 | Create | Villager (Male) |
| 4:41 | Create | Villager (Male) |
| 4:44 | Build | House |
| 5:31 | Create | Villager (Male) |
| 5:31 | Create | Villager (Male) |
| 5:31 | Create | Villager (Male) |
| 5:31 | Create | Villager (Male) |
| 5:32 | Create | Villager (Male) |
| 5:32 | Create | Villager (Male) |
| 5:38 | Build | Lumber Camp |
| 5:55 | Create | Villager (Male) |
| 6:03 | Build | House |
| 6:06 | Create | Villager (Male) |
| 7:48 | Build | Mill |
| 8:18 | Create | Villager (Male) |
| 9:13 | Build | Farm |
| 9:13 | Research | Feudal Age |
| 9:21 | Build | Farm |
| 9:29 | Build | Farm |
| 9:57 | Build | Farm |
| 10:05 | Build | Farm |
| 10:14 | Build | Farm |
| 10:17 | Build | Farm |
| 11:26 | Age | Feudal Age |
| 11:28 | Build | Market |
| 11:33 | Create | Villager (Male) |
| 11:33 | Create | Villager (Male) |
| 11:38 | Research | Wheelbarrow |
| 11:43 | Build | House |
| 11:45 | Build | House |
| 12:07 | Build | Blacksmith |
| 12:40 | Research | Double-Bit Axe |
| 12:48 | Research | Castle Age |
| 12:48 | Research | Castle Age |
| 12:54 | Build | Farm |
| 13:50 | Build | House |
| 13:55 | Build | Mining Camp |
| 14:03 | Research | Horse Collar |
| 15:33 | Age | Castle Age |
| 15:36 | Build | Siege Workshop |
| 15:44 | Create | Villager (Male) |
| 15:45 | Create | Villager (Male) |
| 15:57 | Create | Mangonel |
| 16:11 | Create | Villager (Male) |
| 16:30 | Build | Outpost |
| 16:39 | Create | Villager (Male) |
| 16:39 | Create | Villager (Male) |
| 16:59 | Create | Villager (Male) |
| 17:11 | Build | Town Center |
| 17:20 | Create | Villager (Male) |
| 17:55 | Research | Bow Saw |
| 18:08 | Create | Villager (Male) |
| 18:30 | Build | Town Center |
| 18:38 | Create | Villager (Male) |
| 18:38 | Create | Villager (Male) |
| 18:39 | Create | Villager (Male) |
| 18:41 | Create | Villager (Male) |
| 18:41 | Create | Villager (Male) |
| 19:25 | Create | Villager (Male) |
| 19:25 | Create | Villager (Male) |
| 19:26 | Create | Villager (Male) |
| 19:26 | Create | Villager (Male) |
| 19:31 | Build | Farm |
| 19:32 | Build | Farm |
| 19:38 | Build | House |
| 19:39 | Build | House |
| 19:40 | Build | House |
| 19:42 | Create | Villager (Male) |
| 19:42 | Create | Villager (Male) |
| 19:55 | Build | Farm |
| 19:57 | Create | Villager (Male) |
| 19:57 | Create | Villager (Male) |
| 19:57 | Create | Villager (Male) |
| 20:00 | Build | Farm |
| 20:05 | Research | Heavy Plow |
| 20:17 | Research | Bow Saw |
| 20:29 | Build | Lumber Camp |
| 20:36 | Create | Villager (Male) |
| 20:37 | Create | Villager (Male) |
| 20:40 | Build | Farm |
| 20:42 | Build | Farm |
| 20:43 | Build | Farm |
| 20:48 | Create | Villager (Male) |
| 20:51 | Build | Farm |
| 20:53 | Build | Farm |
| 20:59 | Create | Villager (Male) |
| 20:59 | Create | Villager (Male) |
| 21:06 | Create | Villager (Male) |
| 21:06 | Create | Villager (Male) |
| 21:06 | Create | Villager (Male) |
| 21:08 | Build | Farm |
| 21:08 | Build | Farm |
| 21:12 | Build | Farm |
| 21:16 | Build | Farm |
| 21:17 | Create | Villager (Male) |
| 21:17 | Create | Villager (Male) |
| 21:18 | Create | Villager (Male) |
| 21:25 | Build | Farm |
| 21:27 | Create | Villager (Male) |
| 21:27 | Create | Villager (Male) |
| 21:30 | Build | Farm |
| 21:34 | Build | Farm |
| 21:38 | Build | Farm |
| 21:39 | Create | Villager (Male) |
| 22:05 | Build | Barracks |
| 22:08 | Create | Villager (Male) |
| 22:08 | Create | Villager (Male) |
| 22:17 | Create | Villager (Male) |
| 22:17 | Create | Villager (Male) |
| 22:17 | Create | Villager (Male) |
| 22:23 | Build | Mill |
| 22:24 | Build | Farm |
| 22:24 | Build | Farm |
| 22:24 | Build | Farm |
| 22:25 | Build | Farm |
| 22:25 | Build | Farm |
| 22:25 | Build | Farm |
| 22:28 | Create | Villager (Male) |
| 22:30 | Research | Loom |
| 22:34 | Create | Villager (Male) |
| 22:35 | Create | Villager (Male) |
| 22:39 | Build | Farm |
| 22:43 | Build | Farm |
| 22:53 | Build | Archery Range |
| 22:57 | Create | Villager (Male) |
| 22:58 | Research | Gold Mining |
| 23:03 | Create | Villager (Male) |
| 23:10 | Create | Villager (Male) |
| 23:11 | Create | Villager (Male) |
| 23:11 | Create | Villager (Male) |
| 23:21 | Build | Archery Range |
| 23:27 | Create | Archer |
| 23:27 | Create | Archer |
| 23:28 | Create | Archer |
Match timeline
| 11:08 | BaustellenBizeps · age_up feudal |
| 11:26 | Atila5 · age_up feudal |
| 15:17 | BaustellenBizeps · age_up castle |
| 15:33 | BaustellenBizeps · first_building Castle |
| 15:33 | Atila5 · age_up castle |
| 15:36 | Atila5 · first_building Siege Workshop |
| 18:17 | BaustellenBizeps · first_building Monastery |
| 21:03 | Atila5 · first_market_buy 100 food |
| 22:05 | Atila5 · first_building Barracks |
| 22:53 | Atila5 · first_building Archery Range |
| 24:15 | Atila5 · first_market_sell 100 wood |
| 24:26 | BaustellenBizeps · first_market_buy 100 food |
| 26:09 | BaustellenBizeps · first_building Barracks |
| 27:38 | BaustellenBizeps · age_up imperial |
| 28:41 | Atila5 · first_building Monastery |
| 32:59 | Atila5 · age_up imperial |
| 33:35 | Atila5 · first_building Castle |
| 42:20 | Atila5 · resign |
[ AI ANALYSIS · 1 CREDIT ]
What really happened in this match?
Wolo.gg analyzes every decision: build order, eco, micro, common mistakes by bracket. Personalized analysis on WhatsApp or Discord in 30 seconds.
Civ guide
Malians
Map guide
Arena
Perfil
Jugador #11630712